ThisIsTheSuxx0r, neutral female scurrid Tourist }}}}}}}}}}}}}}}}}}}}}}}}}}}}}}}}}}}}}}}}}}}}}}}}}}}}}}}}}}}}}}}}}}}}}}}}}}}} }}}}}}}}}}.}}}}}}}}}}}}}}}}}}}}}}}}}}}}}}}}}}}}.}}}}}}}}}}}}}}}}}}}}}}}}}}}} #.}}}}}}}}}}}}}}}}}}}}..}}}}}}}}.}}}...}}}}}}}.}}}}}...!..}}}}}}} #.}}}}}}}}}}}`.}}}}..#.}}}}}}...# # # ....}}}}}}}}} #..}}}}}.^.}}}}}`....# #.}} #......}}}}I.#..}}.}}}.}}...}}}}}.# ..`.}}}#.}}}}.... }}}}}}.# +}}}}}}}}}}}..# #..}}} }}}}}}}}}#.}} }}}}}.. }}}}}}}..... ...}}}}}}}}}}}}}} }}}}#.}}}}}}}} }}}}.# ..... }..}}}}}}}}}.}}}}}} }}}} }}}}}}}}}}} }.}} #}}}}}}}}}}}....}}}}} }}}# }}.#}}...}}}} }}}}} ..}}}}}}}}}}}.#...}}}}} }}.# #... # ...}}}}} }}}}%} }}}....}}}}}}}. .`}.}}}}} }}} .... # .}}}}}.# }}}}}} }}}}}}..#=.}}}}}}}}}}}}}}+. }}}. -`+- # }}}.... }}}} .}}}}}}}.# ....}}}}}}}}}}}..#. }.# }}.}}}}} .}...}.`} #.#.}}}}}}.}}}}}}} . }.. }}}}}..# }..}}}... . }}}}}}}...}}}}}} } }}# ....# }}}}}..}}} # .}}}}}}}}.#..}}}}} }} }} .... }}}}}}}} }}}}}}}}}.}}.}}}}}} }} }} }}}} }}}}}}} }}}}}}}}}}} }}}}}}}} }} }} }}}}} ThisIsTheSuxx0r the Rambler Experience level: 1 Strength: 10 Dexterity: 14 Constitution: 12 Intelligence: 11 Wisdom: 7 Charisma: 20 Health: 0(11) Energy: 2(2) Def: 0 Gold: 743 Moves: 62 Dungeon seed: H9gs3oBuX_PSLb09 Game ID: ThisIsTheSuxx0r_1498232330 Your Inventory: Coins $ - 743 gold pieces Weapons a - 41 blessed +2 darts (in quiver) Armor n - an uncursed +0 Hawaiian shirt (being worn) Comestibles b - 7 uncursed food rations c - 3 uncursed tripe rations d - 3 uncursed eggs Scrolls f - 4 uncursed scrolls of magic mapping Wands i - an uncursed wand of secret door detection (0:12) Tools g - an uncursed expensive camera (0:81) h - an uncursed credit card j - an uncursed towel Spells and supernatural/magical abilities: Name Level Category Fail Memory W - pray for help -- divine ? -- Your skills at the end: Miscellaneous Skills wands [Basic] Weapon Skills dart [Basic] Spellcasting Skills Final Attributes: You were devoutly aligned. You were blinded. Your writing paw was cramped from overuse. You had infravision. You were very stealthy. You are dead. Voluntary challenges: You went without food. You did not adorn yourself with jewelry or accessories. You did not cause conflict. You were not invisible. You did not have reflection. You were not displaced. You were an atheist. You never hit with a wielded weapon. You were a pacifist. You did not use tools. You did not use plumbed fixtures. You read items or engraved 3 times, starting on turn 58. You never genocided any monsters. You never polymorphed an object. You never changed form. You used no wishes. You never split a pudding. You wrote Elbereth's name 3 times, starting on turn 58. You never violated your personal moral code. Dungeon overview: The Dungeons of Doom: levels 1 to 25 Level 1 a fountain a long staircase Level 2 Level 3 Level 4 Level 5 Level 6 a fountain Level 7 Level 8 Level 9 Level 10 Level 11 a fountain Level 12 Level 13 Level 14 Level 15 Level 16 Level 17 Level 18 Level 19 Level 20 Level 21 Level 22 Level 23 Level 24 Level 25 <- You were here many trees History has recorded: On T:1 you entered the Dungeons of Doom to retrieve the Amulet of Yendor! On T:4 you reached level 2 of The Dungeons of Doom. On T:6 you reached level 3 of The Dungeons of Doom. On T:8 you reached level 4 of The Dungeons of Doom. On T:10 you reached level 5 of The Dungeons of Doom. On T:13 you reached level 6 of The Dungeons of Doom. On T:15 you reached level 7 of The Dungeons of Doom. On T:17 you reached level 8 of The Dungeons of Doom. On T:19 you reached level 9 of The Dungeons of Doom. On T:22 you reached level 10 of The Dungeons of Doom. On T:24 you reached level 11 of The Dungeons of Doom. On T:26 you reached level 12 of The Dungeons of Doom. On T:28 you reached level 13 of The Dungeons of Doom. On T:31 you reached level 14 of The Dungeons of Doom. On T:33 you reached level 15 of The Dungeons of Doom. On T:35 you reached level 16 of The Dungeons of Doom. On T:37 you reached level 17 of The Dungeons of Doom. On T:37 you entered the Rogue tribute level. On T:40 you reached level 18 of The Dungeons of Doom. On T:42 you reached level 19 of The Dungeons of Doom. On T:44 you reached level 20 of The Dungeons of Doom. On T:46 you reached level 21 of The Dungeons of Doom. On T:49 you reached level 22 of The Dungeons of Doom. On T:51 you reached level 23 of The Dungeons of Doom. On T:53 you reached level 24 of The Dungeons of Doom. On T:55 you reached level 25 of The Dungeons of Doom. Score breakdown: Gold: 0 ( 0 points) Experience: 1 level ( 0 points) Exploration: 25 levels ( 720 points) Discoveries: 0 items ( 0 points) Variety of kills: 0 monsters ( 0 points) Major goal: (nothing yet) ( 0 points) Survival: died (score multiplied by 3) Total score: 2160 Latest messages: You add to the writing in the dust with your fingers. You add to the writing in the dust with your fingers. Your writing paw is beginning to cramp. You manage to get your message written, but the effort is draining. The raven pecks! The raven blinds you! You feel much better. You can see again. The raven pecks! The raven blinds you! You start digging downward. Something pecks! You continue digging downward. You dig a pit in the floor. Something pecks! You die... Final status: Aloha ThisIsTheSuxx0r the Tourist, killed by a raven... You died in The Dungeons of Doom on dungeon level 25 with 2160 points, and 743 pieces of gold, after 62 moves. You were level 1 with a maximum of 11 hit points when you died.